Map: Abyssal Reef LE

Players

GAMETIME - Winner!

  • Race: Zerg Zerg
  • League: Grandmaster
  • Spawn Location: 11:00

Railgan

  • Race: Zerg Zerg
  • League: Grandmaster
  • Spawn Location: 5:00

VOD

Have the link to the VOD?

Description

Time

  • Played on: March 20, 2017, 5:44 p.m.
  • Length: 10:34
Show
View Real Time Build Order
Export as new Build Order

GAMETIME Zerg - Winner!

Build Orders: Pool First, Zergling Baneling 

Get SALT Encoding   

  12  0:02  Drone  
  13  0:17  Extractor  
  12  0:24  Spawning Pool  
  11  0:29  Drone  
  11  0:32  Drone  
  13  0:37  Drone  
  14  0:47  Overlord  
  14  1:10  Queen  
  14  1:11  Zergling x2  
  17  1:18  Metabolic Boost  
  17  1:22  Zergling x2  
  18  1:26  Zergling x2  
  18  1:31  Zergling x2  
  20  1:43  Baneling Nest  
  20  1:44  Zergling x2  
  20  1:49  Zergling x2  
  21  1:58  Overlord  
  21  2:07  Zergling x2  
  22  2:23  Zergling x8  
  26  2:30  Baneling x2  
  26  2:31  Baneling  
  26  2:32  Baneling  
  26  2:37  Baneling  
  26  2:38  Zergling x2  
  27  2:47  Zergling x2  
  27  2:55  Zergling x4  
  26  3:04  Zergling x2  
  26  3:05  Zergling x2  
  27  3:13  Zergling x2  
  27  3:19  Zergling x2  
  26  3:23  Baneling x2  
  25  3:30  Zergling x2  
  25  3:40  Zergling x4  
  25  3:42  Baneling x2  
  25  3:49  Drone x2  
  25  3:54  Drone  
  27  4:08  Drone x2  
  27  4:10  Drone  
  27  4:16  Baneling x2  
  27  4:34  Hatchery  
  27  4:37  Drone  
  27  4:46  Baneling x3  
  27  4:47  Drone x2  
  27  4:50  Drone  
  27  4:52  Baneling  
  29  4:58  Baneling  
  25  5:14  Zergling x2  
  25  5:15  Zergling x4  
  28  5:25  Roach Warren  
  28  5:27  Queen  
  28  5:30  Drone x2  
  28  5:33  Baneling  
  30  5:37  Overlord  
  30  5:46  Spine Crawler  
  29  5:59  Drone  
  29  6:00  Drone x4  
  33  6:04  Drone x2  
  33  6:10  Roach  
  35  6:14  Overlord  
  35  6:19  Roach  
  37  6:29  Zergling x2  
  37  6:31  Drone x4  
  42  6:35  Evolution Chamber  
  41  6:40  Lair  
  41  6:43  Drone  
  41  6:45  Drone  
  43  6:48  Extractor  
  43  6:50  Overlord  
  43  6:51  Drone  
  43  7:06  Roach x3  
  43  7:07  Roach  
  50  7:10  Zerg Missile Weapons Level 1  
  50  7:12  Overlord  
  50  7:14  Extractor  
  50  7:15  Roach  
  51  7:20  Overlord  
  51  7:23  Overlord  
  51  7:32  Drone x3, Roach  
  56  7:39  Roach  
  56  7:40  Roach  
  60  7:44  Drone x2  
  60  7:46  Overlord  
  60  7:49  Roach  
  64  7:54  Glial Reconstitution  
  64  7:55  Roach  
  66  8:03  Roach x2  
  70  8:06  Roach  
  70  8:08  Overlord  
  70  8:12  Roach  
  74  8:16  Roach  
  74  8:19  Roach x2  
  80  8:24  Roach x2  
  82  8:31  Overlord  
  82  8:32  Roach  
  84  8:35  Roach  
  84  8:37  Roach  
  84  8:40  Roach  
  90  8:42  Roach  
  90  8:46  Overlord  
  92  8:54  Roach x3  
  98  9:07  Hatchery  
  97  9:16  Roach  
  99  9:19  Roach  
  99  9:23  Roach  
  101  9:25  Drone x2  
  101  9:28  Drone  
  101  9:31  Drone x2  
  106  9:34  Drone  
  103  9:42  Drone x3  
  103  9:43  Drone x2  
  98  9:47  Drone  
  87  9:54  Drone  
  87  9:55  Hydralisk Den  
  87  9:57  Drone x2  
  87  9:58  Extractor, Drone  
  85  10:02  Roach  
  85  10:03  Roach  
  85  10:05  Drone  
  84  10:14  Roach x3  
Show
View Real Time Build Order
Export as new Build Order

Railgan Zerg 

Build Orders: Pool First 

Get SALT Encoding   

  12  0:01  Drone  
  13  0:22  Spawning Pool  
  13  0:26  Drone  
  13  0:29  Drone  
  14  0:39  Extractor  
  14  0:40  Drone  
  15  0:44  Overlord  
  15  1:02  Drone x2  
  17  1:09  Drone  
  18  1:11  Queen  
  20  1:29  Hatchery  
  20  1:31  Zergling x2  
  20  1:37  Zergling x2  
  21  1:44  Zergling x2  
  22  1:54  Overlord  
  22  1:57  Extractor  
  22  2:01  Extractor, Queen  
  21  2:08  Spine Crawler  
  23  2:15  Zergling x4  
  25  2:21  Overlord  
  25  2:23  Drone  
  26  2:31  Drone x2  
  28  2:38  Spine Crawler  
  28  2:41  Queen  
  25  2:59  Zergling x4  
  25  3:01  Queen  
  25  3:04  Zergling x2  
  25  3:05  Zergling x2  
  28  3:07  Zergling x2  
  28  3:10  Zergling x2  
  26  3:20  Queen  
  26  3:26  Zergling x2  
  27  3:28  Zergling x2  
  27  3:30  Zergling x2  
  24  3:42  Zergling x4  
  24  3:44  Zergling x2  
  24  3:48  Zergling x4  
  27  3:55  Zergling x2  
  27  4:00  Zergling x2  
  21  4:13  Queen  
  21  4:15  Drone  
  21  4:16  Drone x3  
  27  4:19  Extractor  
  27  4:22  Extractor  
  25  4:32  Drone  
  25  4:35  Overlord  
  26  4:45  Drone  
  26  4:46  Roach Warren  
  26  4:47  Drone  
  26  4:53  Drone  
  27  5:02  Queen  
  25  5:14  Drone  
  26  5:24  Drone  
  26  5:25  Drone x2  
  28  5:32  Drone  
  29  5:44  Roach  
  31  5:53  Hatchery  
  30  5:58  Roach  
  30  6:03  Roach  
  32  6:20  Burrow, Roach  
  32  6:21  Roach  
  32  6:24  Roach  
  38  6:30  Roach  
  40  6:35  Roach  
  42  6:41  Overlord  
  42  6:49  Roach  
  42  6:51  Roach  
  46  7:07  Roach  
  46  7:08  Roach  
  50  7:12  Roach  
  52  7:22  Lair  
  52  7:24  Roach  
  52  7:26  Drone  
  55  7:31  Roach  
  57  7:43  Drone x3  
  58  7:53  Ravager x2  
  58  7:55  Overlord  
  60  8:00  Overlord  
  58  8:08  Drone x2  
  58  8:11  Overlord  
  60  8:19  Queen  
  60  8:20  Roach  
  60  8:25  Drone x2  
  60  8:26  Drone  
  59  8:29  Glial Reconstitution  
  59  8:32  Queen  
  59  8:37  Drone x2  
  59  8:39  Drone  
  59  8:40  Drone  
  63  8:44  Drone x2  
  65  8:50  Drone x2  
  67  8:58  Roach x2  
  67  8:59  Roach  
  67  9:01  Ravager  
  74  9:05  Roach  
  74  9:06  Extractor  
  74  9:09  Overlord  
  75  9:12  Overlord  
  75  9:15  Roach  
  77  9:17  Ravager  
  80  9:24  Roach x2  
  82  9:31  Roach  
  82  9:32  Roach x2  
  88  9:39  Roach x3  
  88  9:43  Roach  
  78  9:46  Roach  
  78  9:48  Roach  
  78  9:50  Roach  
  78  9:51  Roach  
  74  9:54  Roach  
  74  9:57  Roach  
  71  10:06  Roach  
  62  10:14  Roach  
Tags
 
Add a new tag
Caveats
  • Supply blocks, unpowered buildings, or Contaminate may cause inaccurate times.
  • Supply counts are checked every 10 seconds.